 Dungeon Crawl Stone Soup version 0.23-a0-375-g66a18ee (webtiles) character file.

4 Garbasso the Sneak (level 1, 0/9 HPs)
             Began as a Spriggan Enchanter on Oct 26, 2018.
             Hit by a stone thrown by a kobold (2 damage)
             ... on level 1 of the Dungeon.
             The game lasted 00:01:06 (164 turns).

Garbasso the Sneak (Spriggan Enchanter)              Turns: 164, Time: 00:01:06

Health: 0/9        AC:  2    Str:  4    XL:     1   Next: 58%
Magic:  5/5        EV: 18    Int: 16    God:
Gold:   0          SH:  0    Dex: 16    Spells: 4/5 levels left

rFire    . . .     SeeInvis +   a - +1 dagger
rCold    . . .     Gourm    .   (shield restricted)
rNeg     . . .     Faith    .   b - +0 robe
rPois    .         Spirit   .   (helmet restricted)
rElec    .         Reflect  .   (no cloak)
rCorr    .         Harm     .   (gloves unavailable)
MR       .....                  (boots unavailable)
Stlth    +++.......             (no amulet)
HPRegen  0.03/turn              (no ring)
MPRegen  0.09/turn              (no ring)

@: very quick
A: very small, unfitting armour, see invisible, herbivore, speed 3, slow
metabolism 2
a: no special abilities


You were on level 1 of the Dungeon.
You were not hungry.

You visited 1 branch of the dungeon, and saw 1 of its levels.

Inventory:

Hand Weapons
 a - a +1 dagger (weapon)
Armour
 b - a +0 robe (worn)
Scrolls
 c - a scroll of remove curse {unknown}
 e - a scroll of identify {unknown}
 f - a scroll of blinking {unknown}
Comestibles
 d - a ration


   Skills:
 + Level 1.3 Short Blades
 - Level 3.0 Dodging
 + Level 4.5 Stealth
 - Level 2.6 Spellcasting
 * Level 3.8 Hexes


You had 4 spell levels left.
You knew the following spells:

 Your Spells              Type           Power        Failure   Level  Hunger
a - Corona                Hex            ##.....      4%          1    #......

Your spell library contained the following spells:

 Spells                   Type           Power        Failure   Level  Hunger
 Confuse                  Hex            ##......     12%         3    ###....
 Tukima's Dance           Hex            ##......     12%         3    ###....
 Ensorcelled Hibernation  Hex/Ice        #.....       13%         2    ##.....
 Dazzling Spray           Conj/Hex       #.....       26%         3    ###....


Dungeon Overview and Level Annotations

Branches:
Dungeon (1/15)

Altars:


Innate Abilities, Weirdness & Mutations

You are very small and have problems with some larger weapons.
You are too small for most types of armour.
You have supernaturally acute eyesight. (SInv)
You are a herbivore.
You cover ground extremely quickly.
You need to consume almost no food.


Message History

You closely miss the jackal.
The jackal is heavily wounded.
The jackal bites you. The jackal misses you.
You see here 15 gold pieces.
A rat comes into view.
The rat misses you.
You hit the rat but do no damage. You hit the rat.
The rat is heavily wounded.
The rat closely misses you.
You hit the rat but do no damage.
The rat is heavily wounded.
The rat barely misses you.
You hit the rat.
You kill the rat!
The jackal bites you.
* * * LOW HITPOINT WARNING * * *
A kobold comes into view. It is wielding a +0 dagger.
The kobold throws a stone.
The stone hits you.
You die...

.#.####..#..#.# #.#
.#......[...#.##.#
#.#
.##########.#)##.#
#.#
............#.##.#
#.#
.############.##.#
#.#
.#..........#..#.#
#.#
.#..######..##.#.#
#.#
.#..######..##.#.#
#.#
###........#...#@#
#.#
#.######.#...#.###.##
#.#....#.#...#......#
#.#<.#.#.#...#.#.#.##
#.####.#.#...#K#.#.#
#......#.#...###.#.#
########.#...# #.#.#
#...# #h#.# #.#.#


You could see a kobold.

Vanquished Creatures
  A ball python (D:1)
  A goblin (D:1)
  A hobgoblin (D:1)
  A rat (D:1)
4 creatures vanquished.

Notes
Turn   | Place    | Note
-------+----------+-------------------------------------------
     0 | D:1      | Garbasso the Spriggan Enchanter began the quest for the
                  | Orb.
     0 | D:1      | Reached XP level 1. HP: 9/9 MP: 5/5
   164 | D:1      | Hit by a stone thrown by a kobold

Vault maps used:
D:1:      zelgadis_glass_arrival_small, minmay_domino_4

Action                   || total
-------------------------++-------
Melee: Dagger            ||    16
 Cast: Corona            ||     3
 Stab: Sleeping          ||     2
Armor: Robe              ||     1
Dodge: Dodged            ||    11

Table legend:
 A = Non-vault XP
 B = Vault XP
 C = Vault XP percentage of total XP
 D = Non-vault monster count
 E = Vault monster count
 F = Vault count percentage of total count
                 A         B        C        D         E       F
            +---------+---------+-------+---------+---------+-------
      Total |       7 |       0 |   0.0 |       4 |       0 |   0.0
            +---------+---------+-------+---------+---------+-------
        D:1 |       7 |       0 |   0.0 |       4 |       0 |   0.0
            +---------+---------+-------+---------+---------+-------
